Map: [ESL] Cosmic Sapphire

Players

Strange - Winner!

  • Race: Protoss Protoss
  • Spawn Location: 11:00

Rattata

  • Race: Zerg Zerg
  • Spawn Location: 5:00

Event: DreamHack SC2 Masters 2022 Atlanta (Online)

VOD

Have the link to the VOD?

Description

Time

  • Played on: Oct. 2, 2022, 2:40 p.m.
  • Length: 13:52

All games in this series

Show
View Real Time Build Order
Export as new Build Order

Strange Protoss - Winner!

Build Orders: 1 Gate Expand, Zealot Archon, Dark Templar Rush 

Get SALT Encoding   

  12  0:00  Probe  
  13  0:12  Probe  
  14  0:20  Pylon  
  14  0:24  Probe  
  15  0:38  Probe (Chrono Boost)  
  15  0:40  Gateway  
  16  0:46  Probe (Chrono Boost)  
  16  0:47  Assimilator  
  17  0:53  Probe  
  18  1:05  Probe  
  19  1:17  Probe  
  20  1:24  Nexus  
  20  1:34  Cybernetics Core  
  20  1:36  Probe  
  21  1:42  Assimilator  
  21  1:48  Probe  
  21  1:53  Pylon  
  22  2:00  Probe (Chrono Boost)  
  23  2:10  Adept, Warp Gate  
  23  2:13  Probe (Chrono Boost)  
  26  2:19  Twilight Council  
  26  2:21  Probe (Chrono Boost)  
  27  2:29  Probe (Chrono Boost)  
  28  2:36  Probe (Chrono Boost)  
  29  2:40  Probe (Chrono Boost)  
  29  2:41  Stalker  
  33  2:45  Probe (Chrono Boost)  
  33  2:46  Probe (Chrono Boost)  
  33  2:50  Probe (Chrono Boost)  
  34  2:55  Probe  
  36  3:02  Probe  
  37  3:08  Gateway  
  37  3:10  Gateway  
  37  3:11  Adept  
  37  3:12  Resonating Glaives (Chrono Boost)  
  39  3:13  Probe  
  39  3:19  Probe  
  41  3:26  Probe  
  42  3:27  Pylon  
  42  3:31  Probe  
  43  3:38  Probe  
  43  3:41  Dark Shrine  
  44  3:42  Pylon  
  44  3:52  Nexus  
  44  4:05  Adept x3  
  44  4:07  Probe  
  44  4:08  Pylon  
  44  4:09  Probe  
  52  4:13  Assimilator  
  52  4:19  Probe  
  53  4:25  Adept x3  
  59  4:33  Probe x2  
  59  4:35  Pylon  
  61  4:45  Probe  
  62  4:57  Dark Templar x3  
  65  5:00  Probe x2  
  65  5:05  Probe, Blink (Chrono Boost)  
  67  5:12  Probe x2  
  65  5:17  Probe  
  65  5:21  Gateway  
  64  5:22  Gateway  
  64  5:23  Forge, Gateway  
  64  5:24  Probe (Chrono Boost)  
  64  5:25  Probe (Chrono Boost)  
  58  5:29  Probe (Chrono Boost)  
  58  5:33  Sentry, Stalker  
  65  5:36  Probe x2 (Chrono Boost)  
  65  5:37  Adept  
  65  5:38  Probe (Chrono Boost)  
  65  5:42  Shield Battery  
  68  5:45  Probe x2  
  68  5:46  Shield Battery  
  70  5:50  Probe  
  70  5:52  Protoss Ground Weapons Level 1 (Chrono Boost)  
  71  5:58  Archon  
  71  5:59  Gateway, Stalker  
  71  6:00  Gateway  
  73  6:07  Stalker x2  
  77  6:12  Pylon  
  77  6:14  Pylon  
  77  6:16  Shield Battery  
  77  6:19  Stalker x2  
  81  6:27  Stalker  
  83  6:33  Nexus  
  83  6:34  Pylon  
  83  6:40  Robotics Facility  
  83  6:41  Probe x3  
  83  6:42  Assimilator  
  86  6:53  Probe x3  
  89  6:57  Photon Cannon  
  89  6:59  Shield Battery  
  89  7:00  Stalker x4  
  97  7:05  Probe x3  
  97  7:06  Charge  
  97  7:07  Stalker  
  102  7:11  Photon Cannon  
  102  7:18  Probe x3  
  105  7:22  Stalker  
  105  7:26  Photon Cannon  
  108  7:30  Observer (Chrono Boost), Probe x3  
  111  7:37  Zealot x2, Stalker  
  111  7:40  Pylon  
  111  7:41  Pylon  
  111  7:44  Probe x3, Pylon  
  117  7:51  Probe  
  121  7:54  Stalker x4  
  121  7:56  Probe x2  
  129  8:03  Immortal (Chrono Boost)  
  119  8:07  Gateway  
  119  8:08  Gateway, Stalker  
  119  8:09  Zealot x2  
  129  8:14  Stalker  
  131  8:21  Photon Cannon  
  131  8:22  Photon Cannon  
  131  8:24  Pylon  
  131  8:28  Probe  
  131  8:31  Observer  
  131  8:34  Zealot x7  
  136  8:44  Zealot  
  136  8:45  Immortal, Protoss Ground Weapons Level 2 (Chrono Boost)  
  136  8:48  Probe x2  
  144  8:49  Assimilator  
  144  8:51  Assimilator  
  144  8:52  Pylon  
  144  9:00  Dark Templar x2  
  144  9:01  Zealot x5  
  144  9:02  Zealot  
  160  9:06  Archon  
  160  9:09  Zealot  
  162  9:10  Pylon  
  160  9:20  Pylon  
  160  9:27  Zealot x5  
  160  9:28  Zealot x2  
  154  9:36  Immortal (Chrono Boost)  
  138  9:44  Zealot x3  
  131  9:52  Zealot x6  
  139  9:53  Zealot  
  143  10:05  Dark Templar  
  143  10:06  Dark Templar, Sentry  
  147  10:09  Pylon  
  147  10:10  Templar Archives  
  147  10:11  Archon  
  147  10:13  Immortal (Chrono Boost)  
  151  10:19  Zealot x5  
  151  10:20  Zealot x2  
  151  10:24  Probe  
  151  10:25  Probe x3  
  113  10:30  Zealot  
  105  10:36  Probe  
  105  10:37  Probe x2  
  105  10:41  Zealot x4  
  105  10:42  Zealot  
  112  10:44  Immortal (Chrono Boost)  
  112  10:47  Probe  
  112  10:49  Probe x2  
  113  10:54  High Templar x5  
  123  10:58  Archon x2  
  123  11:03  Zealot x2, High Templar  
  129  11:04  Zealot  
  129  11:09  Archon  
  129  11:10  Zealot  
  133  11:13  Warp Prism (Chrono Boost)  
  135  11:24  Zealot x3  
  141  11:31  Stalker x3  
  141  11:32  Stalker x3  
  138  11:46  Zealot  
  126  11:47  Zealot x3  
  118  11:54  Zealot x3  
  118  11:55  Zealot  
  118  11:58  Zealot x2  
  118  12:10  Zealot x4  
  118  12:15  Stalker x4  
  128  12:23  Zealot x2  
  128  12:27  Zealot x3  
  126  12:36  Zealot  
  118  12:39  Dark Templar x4  
  116  12:51  Stalker x5  
  106  12:55  Archon x2  
  110  13:06  Stalker  
  110  13:08  Stalker  
  114  13:13  Stalker x5  
  114  13:17  Zealot x3  
  124  13:29  Zealot x2  
  124  13:30  Zealot x2  
Show
View Real Time Build Order
Export as new Build Order

Rattata Zerg 

Build Orders: Hatch First 

Get SALT Encoding   

  12  0:00  Drone  
  13  0:08  Drone  
  14  0:16  Overlord  
  14  0:34  Drone x3  
  17  0:50  Hatchery  
  17  0:53  Drone  
  17  0:57  Drone  
  18  1:07  Extractor  
  17  1:12  Spawning Pool  
  17  1:15  Drone  
  17  1:18  Drone  
  18  1:28  Drone  
  19  1:39  Drone  
  20  1:49  Overlord  
  20  1:59  Queen  
  22  2:02  Queen  
  22  2:03  Zergling x4  
  26  2:12  Metabolic Boost, Drone  
  26  2:13  Drone  
  28  2:23  Drone  
  28  2:26  Drone  
  30  2:33  Drone  
  30  2:35  Hatchery  
  30  2:36  Drone  
  31  2:43  Queen  
  33  2:48  Overlord  
  33  2:50  Drone  
  34  2:54  Drone  
  34  2:57  Drone  
  35  3:05  Queen  
  35  3:08  Drone x3  
  35  3:10  Drone  
  41  3:16  Overlord  
  41  3:18  Queen  
  43  3:25  Overlord  
  43  3:33  Roach Warren, Extractor  
  41  3:34  Drone x2  
  41  3:35  Drone  
  41  3:38  Drone  
  41  3:39  Drone  
  46  3:45  Drone x3  
  49  3:57  Drone x3  
  49  3:59  Overlord  
  52  4:03  Spore Crawler  
  52  4:05  Spore Crawler  
  49  4:10  Spore Crawler  
  49  4:13  Roach x3  
  54  4:21  Drone x6  
  54  4:24  Extractor  
  59  4:28  Roach x2  
  59  4:29  Roach  
  65  4:34  Overlord  
  65  4:38  Drone x4  
  69  4:44  Lair  
  65  4:54  Zergling x12  
  66  5:01  Zergling x2  
  66  5:02  Zergling x8  
  67  5:12  Drone x4  
  66  5:14  Drone  
  66  5:16  Drone  
  66  5:20  Drone  
  68  5:22  Drone  
  68  5:26  Overlord  
  68  5:27  Drone  
  69  5:37  Overlord  
  69  5:38  Drone x3  
  71  5:44  Drone x3  
  71  5:48  Drone x2  
  76  5:53  Drone  
  76  5:56  Glial Reconstitution  
  76  5:57  Extractor  
  76  5:58  Drone x2  
  76  6:03  Evolution Chamber  
  76  6:04  Drone x3  
  80  6:05  Drone  
  80  6:06  Drone  
  80  6:10  Roach  
  84  6:12  Drone  
  84  6:15  Overlord  
  85  6:20  Drone x3, Extractor  
  85  6:24  Overlord  
  87  6:26  Drone  
  87  6:27  Drone x2  
  87  6:31  Overlord  
  90  6:45  Drone x2, Zerg Melee Weapons Level 1  
  90  6:46  Drone  
  92  6:47  Drone  
  92  6:48  Roach x2  
  92  6:49  Roach  
  92  6:51  Roach  
  92  6:52  Hatchery  
  100  6:58  Queen  
  100  7:01  Overlord  
  102  7:04  Drone x2  
  102  7:05  Drone  
  102  7:06  Ravager x4  
  102  7:07  Drone x3  
  112  7:09  Drone  
  112  7:13  Baneling Nest, Drone  
  113  7:16  Overlord  
  113  7:17  Overseer  
  113  7:20  Roach x3  
  113  7:21  Roach  
  121  7:26  Overlord  
  121  7:29  Overlord x2  
  121  7:33  Overseer  
  121  7:35  Ravager  
  122  7:39  Spore Crawler, Roach x4  
  122  7:43  Overlord x2  
  128  7:45  Ravager  
  128  7:46  Roach x2  
  128  7:50  Overlord  
  133  7:52  Zergling x10  
  136  8:04  Centrifugal Hooks  
  130  8:05  Zergling x14  
  130  8:07  Overseer  
  130  8:08  Pneumatized Carapace  
  130  8:10  Drone x2  
  138  8:15  Ravager x2  
  140  8:23  Drone x2  
  140  8:25  Overlord x2  
  138  8:27  Zergling x2  
  138  8:28  Zergling x8  
  138  8:33  Hatchery  
  139  8:34  Queen  
  135  8:43  Zergling x16  
  135  8:45  Overseer  
  135  8:46  Zerg Melee Weapons Level 2  
  141  8:51  Baneling x14  
  142  8:55  Ravager  
  142  8:56  Zergling x12  
  142  9:01  Queen  
  150  9:03  Baneling x5  
  150  9:07  Zergling x12  
  156  9:15  Zergling x10  
  159  9:20  Zergling x8  
  162  9:28  Zergling x12  
  162  9:29  Queen  
  152  9:37  Roach x2  
  142  9:42  Roach x2  
  140  9:47  Zergling x4  
  140  9:52  Baneling x16  
  139  9:53  Ravager x5  
  139  9:54  Ravager x3  
  146  10:00  Zergling x10  
  146  10:01  Zergling x8  
  146  10:05  Zergling x2  
  146  10:06  Zergling x2  
  157  10:07  Overseer  
  157  10:11  Zergling x4  
  157  10:12  Hatchery  
  140  10:22  Zergling x20  
  136  10:29  Queen  
  136  10:32  Roach  
  136  10:33  Roach x2  
  125  10:36  Roach x4  
  130  10:45  Roach  
  130  10:46  Roach x3  
  132  10:52  Hatchery  
  132  10:54  Roach x8  
  129  10:58  Roach  
  129  11:03  Roach, Zerg Missile Weapons Level 1  
  130  11:04  Baneling x4  
  130  11:05  Roach  
  130  11:06  Roach  
  130  11:08  Ravager x3  
  137  11:11  Roach  
  137  11:15  Roach  
  141  11:19  Zergling x6, Roach x5  
  141  11:22  Zergling x12  
  160  11:27  Roach  
  158  11:35  Zergling x6  
  158  11:39  Zergling x4  
  117  11:49  Roach x6  
  117  11:52  Zergling x18  
  130  11:57  Zergling x2, Ravager  
  130  12:01  Roach x2  
  127  12:04  Roach  
  127  12:05  Queen  
  121  12:12  Ravager x5  
  126  12:16  Zergling x24  
  135  12:22  Zergling x2  
  135  12:23  Zergling x2  
  135  12:29  Zergling x6  
  99  12:37  Roach x5  
  102  12:45  Roach  
  102  12:46  Roach x3  
  102  12:49  Overseer  
  93  12:54  Roach x2  
  99  13:01  Roach x3  
  99  13:03  Ravager x2  
  109  13:05  Roach  
  109  13:06  Roach  
  105  13:16  Zergling x2, Roach x4  
  105  13:19  Zergling x4  
  103  13:20  Ravager  
  103  13:22  Overseer  
  103  13:23  Zergling x4  
  104  13:31  Roach x3  
Tags
 
Add a new tag
Caveats
  • Supply blocks, unpowered buildings, or Contaminate may cause inaccurate times.
  • Supply counts are checked every 10 seconds.